AoeStats
← Oldspice

Nomad

504890922Analyzed
2v2 RM · 25d ago on Sep 7, 2026· 43m 1s· 4 players
Game mode
Random Map
Map size
176×176
Population
200
Speed
Normal
Resources
Standard
Victory
Conquest
Starting age
Dark Age
Ending age
Imperial Age
RankedLock teamsTeams togetherTeam positionsShared explorationLock speedFull tech treeHidden civsTurbo modeCheats
Victory
Defeat
🇨🇦 Cumans · Canada
1531
+15
🇺🇸 Georgians · United States
1506
+16
🇻🇳 Britons · Vietnam
1519
-16
🇨🇳 Maya · China
1484
-15
Oldspice
7:50 Loom
12:52 Feudal Age
15:58 Scale Barding Armor
16:56 Forging
18:11 Horse Collar
24:45 Castle Age
23:45 Bloodlines
26:15 Chain Barding Armor
25:52 Double-Bit Axe
33:47 Wheelbarrow
33:44 Bow Saw
33:25 Gold Mining
36:09 Town Watch
37:04 Fletching
41:48 Imperial Age
40:34 Husbandry
41:11 Iron Casting
41:12 Bodkin Arrow
42:14 Cavalier
IVIUSTANG
13:54 Feudal Age
14:46 Loom
17:55 Castle Age
17:46 Double-Bit Axe
17:43 Horse Collar
19:04 Bow Saw
19:02 Town Watch
19:28 Fishing Lines
21:28 Wheelbarrow
37:17 Imperial Age
35:13 Fletching
36:20 Scale Barding Armor
36:11 Bodkin Arrow
36:26 Forging
36:17 Padded Archer Armor
36:51 Hand Cart
36:05 Capped Ram
37:19 Bloodlines
37:39 Cavalier
38:21 Siege Ram
39:21 Gold Mining
39:21 Stone Mining
39:50 Leather Archer Armor
41:00 Two-Man Saw
40:29 Chain Barding Armor
40:44 Heavy Plow
41:27 Conscription
41:59 Masonry
43:37 Plate Barding Armor
43:56 Ballistics
44:37 Chemistry
表哥
4:38 Loom
13:53 Feudal Age
17:54 Castle Age
15:48 Double-Bit Axe
16:31 Fletching
16:25 Fishing Lines
18:01 Padded Archer Armor
17:56 Crossbowman
19:49 Bodkin Arrow
22:08 Ballistics
22:33 Wheelbarrow
29:52 Horse Collar
31:51 Town Watch
32:21 Eagle Warrior
33:01 Squires
38:42 Imperial Age
37:16 Hand Cart
36:53 Stone Mining
36:53 Gold Mining
37:05 Heavy Plow
37:17 Bow Saw
NPChinh
4:33 Loom
15:02 Feudal Age
15:30 Double-Bit Axe
15:47 Gold Mining
16:18 Fishing Lines
17:24 Wheelbarrow
21:02 Forging
20:57 Scale Barding Armor
23:07 Castle Age
22:51 Scale Mail Armor
24:25 Stone Mining
25:19 Bow Saw
26:43 Gold Shaft Mining
26:48 Gillnets
27:45 Pikeman
30:33 Medium Warships
31:16 Fletching
31:49 Hand Cart
35:49 Ballistics
35:10 Treadmill Crane
35:41 Masonry
35:26 Murder Holes
36:44 Yeomen
38:53 Bodkin Arrow
38:59 Padded Archer Armor
39:15 Chain Mail Armor
39:10 Forging
40:33 Leather Archer Armor
42:49 Iron Casting
45:01 Imperial Age
42:44 Arson
42:59 Squires
Connection lost

Rejoining the realm…

Still unreachable

The connection could not be restored.

Session expired

The server has moved on; the page needs a fresh start.